 Dungeon Crawl Stone Soup version 0.17.2-1-ge4368a0 (webtiles) character file.

173 ololoev the Skirmisher (level 5, 6/42 HPs)
             Began as a Demonspawn Fighter on Oct 25, 2016.
             Quit the game on level 5 of the Dungeon.
             The game lasted 00:04:51 (738 turns).

ololoev the Skirmisher (Demonspawn Fighter)          Turns: 738, Time: 00:04:52

Health: 6/42       AC: 10    Str: 22    XL:     5   Next: 28%
Magic:  5/5        EV:  5    Int: 10    God:
Gold:   104        SH:  9    Dex: 12    Spells: 0 memorised, 4 levels left

rFire  . . .     SeeInvis .     a - +0 war axe
rCold  . . .     Clarity  .     k - +0 chain mail
rNeg   . . .     SustAt   .     c - +0 shield
rPois  .         Gourm    .     (no helmet)
rElec  .         Spirit   .     (no cloak)
rCorr  .         Warding  .     (no gloves)
rMut   .         Stasis   .     (no boots)
MR     .....                    (no amulet)
Stlth  ..........               (no ring)
                                q - ring of wizardry

@: mighty, not resistant to hostile enchantments, extremely unstealthy
A: claws 1, molten scales 1, demonic guardian 1
a: no special abilities


Innate Abilities, Weirdness & Mutations

You have sharp fingernails.
You are partially covered in molten scales (AC +1).
A weak demonic guardian rushes to your aid.

Inventory:

Hand Weapons
 a - a +0 war axe (weapon)
Armour
 c - a +0 shield (worn)
 k - a +0 chain mail (worn)
Jewellery
 q - a ring of wizardry (left claw)
Wands
 s - a wand of magic darts (16)
Scrolls
 d - a scroll of teleportation {unknown}
 f - a scroll of immolation {unknown}
 h - a scroll of identify {unknown}
 i - a scroll of blinking {unknown}
 j - 2 scrolls of recharging {unknown}
 o - a scroll of fog {unknown}
 p - a scroll of remove curse {unknown}
Potions
 b - a potion of resistance {unknown}
 g - a potion of cancellation {unknown}
 l - a potion of heal wounds {unknown}
 n - a potion of lignification {unknown}
 r - a potion of mutation {unknown}
 t - a potion of magic {unknown}
Comestibles
 e - 3 bread rations


   Skills:
 + Level 4.0 Fighting
 * Level 3.7 Axes
 + Level 3.5 Armour
 - Level 2.6 Shields


You had 4 spell levels left.
You didn't know any spells.


You were on level 5 of the Dungeon.
You were not hungry.

You visited 1 branch of the dungeon, and saw 5 of its levels.

You collected 104 gold pieces.

.......# #.#.#.....##.≈≈
.......# #.......)....##
.......# #.#.#.....#...#
.......# #####.........#...#
.......# #.............#....
####'#.# #.............# ...
#.#.# #.............# #.
#.#.# #.............# # #
#.#.########.@...........# #
#.#.#....................#
####.#.#.######.............#
.....#...# #####.........#
########## ###########

Notes
Turn   | Place    | Note
--------------------------------------------------------------
     0 | D:1      | ololoev the Demonspawn Fighter began the quest for the Orb.
     0 | D:1      | Reached XP level 1. HP: 18/18 MP: 1/1
     4 | D:2      | Found a shadowy altar of Dithmenos.
    79 | D:2      | Gained mutation: You have sharp fingernails. [demonic ancestry]
    79 | D:2      | Reached XP level 2. HP: 18/24 MP: 2/2
   238 | D:3      | Gained mutation: You are partially covered in molten scales (AC +1). [demonic ancestry]
   238 | D:3      | Reached XP level 3. HP: 10/29 MP: 3/3
   527 | D:4      | Reached XP level 4. HP: 18/36 MP: 4/4
   579 | D:5      | Entered Level 5 of the Dungeon
   700 | D:5      | Noticed a sky beast
   737 | D:5      | Killed a sky beast
   737 | D:5      | Reached skill level 4 in Fighting
   737 | D:5      | Gained mutation: A weak demonic guardian rushes to your aid. [demonic ancestry]
   737 | D:5      | Reached XP level 5. HP: 5/42 MP: 5/5
   738 | D:5      | Quit the game

Dungeon Overview and Level Annotations

Branches:
Dungeon (5/15)
 Temple: D:4-7

Altars:
Dithmenos


Message History

Something completely misses you.
Found 14 gold pieces.
Something hits you but does no damage.
Drink which item? (? for menu, Esc to quit)
You feel very mighty all of a sudden. You block its attack.
Something hits you but does no damage.
A sky beast appears from thin air!
Reactivating autopickup.
You barely miss the sky beast.
The sky beast hits you but does no damage.
You hit the sky beast.
The sky beast is moderately wounded.
The sky beast hits you. The sky beast shocks you.
The sky beast hits you but does no damage.
You closely miss the sky beast.
The sky beast is moderately wounded.
You block the sky beast's attack.
You slash the sky beast!
The sky beast is almost dead.
You block the sky beast's attack.
You closely miss the sky beast.
The sky beast is almost dead.
The sky beast barely misses you. You block the sky beast's attack.
You miss the sky beast.
The sky beast is almost dead.
The sky beast flickers out of sight!
Deactivating autopickup; reactivate with Ctrl-A.
Something hits you but does no damage.
Your shield and chain mail prevent you from hitting something.
Something hits you but does no damage. Something hits you.
Something shocks you.
You slash something!
Reactivating autopickup.
Your Fighting skill increases to level 4!
You have reached level 5!
Your demonic ancestry asserts itself...
You feel the presence of a demonic guardian.
You feel a bit more experienced.
Are you sure you want to abandon this character and quit the game? (Confirm with "yes".)

There were no monsters in sight!

Vanquished Creatures
  A sky beast (D:5)
  A hound (D:4)
  2 adders
  An ooze (D:2)
  A worm (D:3)
  A giant gecko (D:1)
  3 orcs (D:3)
  A ball python (D:3)
  4 bats
  7 hobgoblins
  2 quokkas
  A giant cockroach (D:1)
  3 giant newts
  4 goblins
  3 kobolds
  5 rats
40 creatures vanquished.

Action                   |  1- 3 |  4- 6 || total
-------------------------+-------+-------++-------
Melee: War axe           |   118 |    35 ||   153
Evoke: Wand              |       |     2 ||     2
  Use: Potion            |     1 |     1 ||     2

Vault maps used:
D:1:      lemuel_arrival_hallway
D:2:      grunt_dithmenos_smoke, xom_redecorated
D:3:      nicolae_overflow_hidden_temple
D:4:      nicolae_tso_swordbearing_angel, grunt_gozag_breadcrumbs, first_bread
D:5:      serial_glass, glass_columns_a, glass_columns_a, minivault_4
